 Dungeon Crawl Stone Soup version 0.31-a0-875-g02e7d12df6 (webtiles) character file.

Game seed: 15865166573724306009

452 cowhearter the Slicer (level 7, -2/44 HPs)
             Began as a Kobold Monk on Oct 13, 2023.
             Slain by a cerulean imp
             ... wielding a +2 spear
             ... summoned by Natasha
              (4 damage)
             ... on level 3 of the Dungeon.
             The game lasted 00:07:23 (3825 turns).

cowhearter the Slicer (Kobold Monk)                 Turns: 3825, Time: 00:07:24

Health: -2/44      AC:  2    Str:  8    XL:     7   Next: 25%
Magic:  7/7        EV: 17    Int: 12    God:
Gold:   121        SH:  0    Dex: 19    Spells: 6/6 levels left

rFire   . . .        e - +0 dagger (venom)
rCold   . . .        d - orb {light}
rNeg    . . .        b - +0 robe
rPois   .            (no helmet)
rElec   .            (no cloak)
rCorr   .            (no gloves)
SInv    .            (no boots)
Will    .....        (no amulet)
Stlth   ++           (no ring)
HPRegen 0.27/turn    (no ring)
MPRegen 0.10/turn

%: no passive effects
@: glowing
A: small, no large weapons, nightstalker 3
a: no special abilities


You were on level 3 of the Dungeon.
You visited 1 branch of the dungeon, and saw 3 of its levels.

You collected 121 gold pieces.

Inventory:

Hand Weapons
 a - a +0 short sword
 e - a +0 dagger of venom (weapon)
 q - a +2 sling of freezing
Armour
 b - a +0 robe (worn)
 d - an orb of light (worn)
Magical Staves
 p - a staff of conjuration
Jewellery
 i - a ring of fire
 u - an amulet of magic regeneration
Talismans
 g - a granite talisman
Wands
 w - a wand of iceblast (6)
Scrolls
 f - 3 scrolls of enchant armour {unknown}
 j - 2 scrolls of enchant weapon {unknown}
 l - 5 scrolls of identify {unknown}
 m - a scroll of silence {unknown}
 o - a scroll of revelation {unknown}
 s - a scroll of teleportation {unknown}
Potions
 c - a potion of ambrosia
 h - a potion of might {unknown}
 k - a potion of mutation {unknown}
 n - a potion of invisibility {unknown}
 r - a potion of heal wounds {unknown}
 t - a potion of attraction {unknown}
 v - a potion of berserk rage {unknown}


   Skills:
 + Level 4.4 Fighting
 * Level 8.0 Short Blades
 + Level 5.1 Dodging
 + Level 3.0 Stealth


You had 6 spell levels left.
You didn't know any spells.
Your spell library contained the following spells:

 Spells                   Type           Power      Damage    Failure   Level
 Blink                    Tloc           0%         N/A       45%         2
 Lesser Beckoning         Tloc           0%         N/A       45%         2
 Momentum Strike          Conj/Tloc      0%         3d8       45%         2
 Call Canine Familiar     Summ           0%         N/A       69%         3
 Sigil of Binding         Hex            0%         N/A       69%         3
 Brom's Barrelling Bould  Conj/Erth      0%         2d3       97%         4
 Dimensional Bullseye     Hex/Tloc       0%         N/A       97%         4
 Leda's Liquefaction      Hex/Erth       0%         N/A       97%         4
 Fireball                 Conj/Fire      0%         3d3       100%        5
 Iskenderun's Battlesphe  Conj           0%         2d6       100%        5
 Conjure Ball Lightning   Conj/Air       0%         3x3d6     100%        6
 Orb of Destruction       Conj           0%         9d5       100%        7


Dungeon Overview and Level Annotations

Branches:
Dungeon (3/15)

Altars:
Makhleb
Trog
Zin
The Shining One

Annotations:
D:3 Natasha


Innate Abilities, Weirdness & Mutations

You are small and have problems with some larger weapons.
You are completely attuned to the shadows.


Message History

The cerulean imp barely misses you.
You barely miss the cerulean imp.
The cerulean imp is almost dead.
You barely miss the cerulean imp.
The cerulean imp is almost dead.
You kill the cerulean imp!
The cerulean imp disappears in a puff of smoke!
Natasha stares at you and mumbles some strange words.
The magic dart hits you.
The cerulean imp hits you from afar with a +2 spear.
Natasha casts a spell at you. The magic dart hits you!
You hit Natasha.
Natasha is poisoned.
Natasha is lightly wounded.
The cerulean imp closely misses you. Natasha misses you.
You hit Natasha but do no damage.
Natasha is lightly wounded.
The cerulean imp closely misses you.
You hit Natasha but do no damage.
Natasha is lightly wounded.
Natasha casts a spell at you. The magic dart hits you!
* * * LOW HITPOINT WARNING * * *
You hit Natasha.
Natasha looks as sick as possible!
Natasha is moderately wounded.
The cerulean imp closely misses you.
You hit Natasha.
Natasha looks as sick as possible!
Natasha is heavily wounded.
Natasha mumbles some strange words.
You hit Natasha.
Natasha looks as sick as possible!
Natasha is severely wounded.
The cerulean imp hits you from afar with a +2 spear.
* * * LOW HITPOINT WARNING * * *
Natasha stares at you and mumbles some strange words.
The magic dart hits you!
* * * LOW HITPOINT WARNING * * *
You barely miss Natasha.
Natasha is severely wounded.
The cerulean imp hits you from afar with a +2 spear.
You die...

#..# #)).....#..##.#.##.###
#..#############..##...##.#
#.................#######.#
##.#############......).#.#
##.####################.#.#
#.........................#
#######################.###
# #####################.# #
#..........55h@.......# #
#.##################### #
#.# # #.# ###.# ....# ###.#
#.# ###


You could see Natasha (extremely poisoned) and 2 cerulean imps.

Vanquished Creatures
  Sigmund (D:2)
  2 orc priests (D:3)
  Ijyb (D:3)
  Terence (D:3)
  Natasha (twice) (D:3)
  An orc wizard (D:3)
  2 adders (D:2)
  2 dart slugs (D:2)
  7 orcs (D:3)
  9 ball pythons
  8 endoplasms
  5 giant cockroaches
  10 goblins
  8 hobgoblins
  3 jackals (D:2)
  4 kobolds
  4 quokkas
  A bat (D:3)
  3 frilled lizards
  9 rats
83 creatures vanquished.

Notes
Turn   | Place    | Note
-------+----------+-------------------------------------------
     0 | D:1      | cowhearter the Kobold Monk began the quest for the Orb.
     0 | D:1      | Reached XP level 1. HP: 14/14 MP: 1/1
    54 | D:1      | Reached XP level 2. HP: 18/19 MP: 2/2
   379 | D:1      | Reached XP level 3. HP: 22/23 MP: 3/3
   840 | D:1      | Reached skill level 5 in Short Blades
  1529 | D:2      | Reached XP level 4. HP: 28/28 MP: 4/4
  1548 | D:2      | Found a bloodstained altar of Trog.
  1947 | D:2      | Noticed Sigmund
  1963 | D:2      | Killed Sigmund
  1964 | D:2      | Reached skill level 7 in Short Blades
  1964 | D:2      | Reached skill level 1 in Stealth
  1964 | D:2      | Reached XP level 5. HP: 26/33 MP: 5/5
  1964 | D:2      | Reached XP level 6. HP: 30/38 MP: 6/6
  2417 | D:3      | Found a burning altar of Makhleb.
  2588 | D:3      | Found a faded altar of an unknown god.
  2608 | D:3      | Found a glowing golden altar of the Shining One.
  2803 | D:3      | Noticed Ijyb
  2814 | D:3      | Killed Ijyb
  2966 | D:3      | Reached skill level 5 in Dodging
  2971 | D:3      | Reached XP level 7. HP: 6/43 MP: 7/7
  3259 | D:3      | Noticed Terence
  3271 | D:3      | Killed Terence
  3358 | D:3      | Found a glowing silver altar of Zin.
  3550 | D:3      | Noticed Natasha
  3554 | D:3      | Killed Natasha
  3651 | D:3      | Noticed Natasha
  3657 | D:3      | Killed Natasha
  3658 | D:3      | Reached skill level 8 in Short Blades
  3799 | D:3      | Noticed Natasha
  3824 | D:3      | HP: 2/44 [Natasha/magic dart (9)]
  3825 | D:3      | Slain by a cerulean imp

Illustrated notes

Levels and vault maps discovered:
D:1:      dpeg_arrival_court, layout_loops_ring, minmay_misc_feat_iff
D:2:      layout_basic, basic_altar, kennysheep_generic_room_14, uniq_sigmund
D:3:      layout_basic, mainiacjoe_overflow_catwalk_spiral,
          mainiacjoe_overflow_alcove_2, ebering_ecumenical_altar_hall,
          uniq_natasha, uniq_terence, uniq_ijyb

Skill      XL: |  1  2  3  4  5  6  7 |
---------------+----------------------+-----
Dodging        | 4 5 |  5.1
Short Blades   | 5 7 8 |  8.0
Fighting       | 4 |  4.4
Stealth        | 1 2 3 |  3.0

Action                     |  1- 3 |  4- 6 |  7- 9 || total
---------------------------+-------+-------+-------++-------
  Melee: Short sword       |    27 |       |       ||    27
         Dagger            |    88 |   105 |    66 ||   259
   Stab: Sleeping          |     2 |     2 |     2 ||     6
 Armour: Robe              |    29 |    18 |    21 ||    68
         Skin              |       |       |     2 ||     2
  Dodge: Dodged            |    81 |    54 |    29 ||   164
         Form:             |     1 |       |       ||     1
         Statue            |     1 |       |       ||     1

Table legend: (Time is in decaauts)
 A = Elapsed time spent in this place.
 B = Non-inter-level travel time spent in this place.
 C = Inter-level travel time spent in this place.
 D = Time resting spent in this place.
 E = Time spent auto-exploring this place.
 F = Levels seen in this place.
 G = Mean time per level.
                   A        B        C        D        E       F      G
               +--------+--------+--------+--------+--------+-----+--------+
         Total |   3744 |   3603 |    141 |    659 |   2347 |   3 | 1248.0 |
       Dungeon |   3744 |   3603 |    141 |    659 |   2347 |   3 | 1248.0 |
               +--------+--------+--------+--------+--------+-----+--------+

Top non-repeatable levels by time:
     D:3: 1375 daAuts
     D:2: 1234 daAuts
     D:1: 1135 daAuts
